 Dungeon Crawl Stone Soup version 0.26-a0-812-g31a745ddcd (webtiles) character file.

Game seed: 15761043281225203241

4346 kae the Grappler (level 10, -4/60 HPs)
             Began as a Tengu Transmuter on Nov 23, 2020.
             Killed from afar by an electric eel (12 damage)
             ... with a bolt of electricity
             ... on level 8 of the Dungeon.
             The game lasted 00:10:21 (9617 turns).

kae the Grappler (Tengu Transmuter)                 Turns: 9617, Time: 00:10:22

Health: -4/60      AC:  2    Str: 15    XL:     10   Next: 34%
Magic:  11/19      EV: 31    Int: 13    God:
Gold:   467        SH:  5    Dex: 19    Spells: 10/19 levels left

rFire    . . .     SeeInvis .     - Unarmed
rCold    . . .     Faith    .   (shield currently unavailable)
rNeg     . . .     Spirit   .   (armour currently unavailable)
rPois    x         Reflect  +   (helmet currently unavailable)
rElec    .         Harm     .   (cloak currently unavailable)
rCorr    .         Rampage  .   (gloves currently unavailable)
MR       .....                  (boots unavailable)
Stlth    ++........             b - amulet of reflection
HPRegen  0.20/turn              (no ring)
MPRegen  0.16/turn              (no ring)

@: spider-form, flying quickly and evasively, very slightly contaminated, quick
A: tiny, able to fly
a: Stop Flying, End Transformation


You were on level 8 of the Dungeon.
You were a venomous arachnid creature.
You visited 2 branches of the dungeon, and saw 9 of its levels.

You collected 467 gold pieces.

Inventory:

Armour
 a - a +1 robe
 j - a +2 pair of gloves (melded)
 m - a scarf of shadows (melded)
 x - a +3 leather armour of poison resistance (melded)
Jewellery
 b - an amulet of reflection (around neck)
 h - an uncursed ring of fire
 i - an uncursed ring of ice
Wands
 k - a wand of flame (22)
 q - a wand of iceblast (11)
Scrolls
 d - 6 scrolls of identify
 e - 4 scrolls of remove curse
 f - a scroll of enchant armour
 l - 3 scrolls of fear
 o - 4 scrolls of enchant weapon
 p - 4 scrolls of amnesia
 r - a scroll of fog
 w - 2 scrolls of teleportation
Potions
 c - 3 potions of haste
 g - a potion of mutation
 n - 2 potions of curing
 s - a potion of ambrosia
 t - a potion of degeneration
 u - 2 potions of invisibility
 v - a potion of attraction


   Skills:
 + Level 5.6 Fighting
 + Level 1.0 Armour
 + Level 6.4 Dodging
 * Level 9.2 Unarmed Combat
 + Level 5.4 Spellcasting
 * Level 6.7 Transmutations


You had 10 spell levels left.
You knew the following spells:

 Your Spells              Type           Power        Failure   Level
a - Beastly Appendage     Tmut           ###...       5%          1
b - Spider Form           Tmut/Pois      ##........   32%         3
c - Blade Hands           Tmut           ###.......   52%         5

Your spell library contained the following spells:

 Spells                   Type           Power        Failure   Level
 Wereblood                Tmut           ###.....     7%          2
 Passwall                 Tmut/Erth      ##......     19%         2
 Sandblast                Erth           #.....       38%         1
 Ice Form                 Ice/Tmut       ##......     63%         4
 Summon Guardian Golem    Hex/Summ       #.......     69%         3
 Bolt of Magma            Conj/Fire/Erth #.........   100%        5
 Dragon's Call            Summ           #.........   100%        9


Dungeon Overview and Level Annotations

Branches:
Dungeon (8/15)             Temple (1/1) D:4
   Lair: D:8-11

Altars:
Ashenzari
Cheibriados
Dithmenos
Elyvilon
Fedhas
Gozag
Hepliaklqana
Kikubaaqudgha
Makhleb
Nemelex Xobeh
Ru
Sif Muna
Trog
Uskayaw
Xom
Yredelemnul
Zin
The Shining One

Portals:
Abyss: D:5

Annotations:
D:5 2 transporters, MoonlitKnight's ghost, amateur MfGl
D:6 exclusion: door


Innate Abilities, Weirdness & Mutations

((You have a beak for a mouth.))
((You have claws for feet.))
You can fly continuously.


Message History

Evoke which item? (* to show all) (? for menu, Esc to quit)
Okay, then.
Evoke which item? (* to show all) (? for menu, Esc to quit)
Aiming: Throw Flame
Press: ? - help, Shift-Dir - straight line, f - electric eel
Aim: an electric eel (water)
Casting: Spider Form (dangerous; 17% risk of failure)
Confirm with . or Enter, or press ? or * to list all spells.
You feel a numb sensation.
You turn into a venomous arachnid creature.
Your scarf of shadows melds into your body.
Your +2 pair of gloves melds into your body.
Your +3 leather armour of poison resistance melds into your body.
The dungeon's light returns to normal.
You no longer feel resistant to poison.
The electric eel is engulfed in a cloud of scalding steam.
The electric eel shoots out a bolt of lightning at you!
The bolt of electricity hits you!
* * * LOW HITPOINT WARNING * * *
The bolt of electricity hits you!
You die...

### #.. #.# #.# #.##
##..## ######## #.#s...#
#....... #≈≈≈§§≈≈≈##
#.######
..≈≈≈≈≈;≈≈≈≈#####.#.....
.≈≈#+#≈§###≈≈.....#.####
.≈ #≈≈+ #≈≈##.###.#...
#≈≈###≈≈.....#.#.##
≈≈≈≈≈≈≈≈##.#.#.#.#. ≈≈
≈≈≈≈≈##.#.......
≈###≈≈>..###.#.#.


You could see an electric eel.

Vanquished Creatures
  Harold (D:7)
  A cyclops (D:7)
  Joseph (D:7)
  Prince Ribbit (D:8)
  Menkaure (D:7)
  Purgy (D:3)
  A phantom (D:5)
  A sky beast (D:5)
  3 ice beasts
  2 ogres
  A black bear (D:8)
  3 centaurs
  A big kobold (D:7)
  A bullfrog (D:6)
  A scorpion (D:7)
  9 wights (D:7)
  An electric eel (D:8)
  A howler monkey (D:6)
  A quasit (D:5)
  A bullfrog skeleton (D:4)
  A centaur zombie (D:5)
  2 hounds
  3 orc priests
  2 jellies (D:8)
  2 centaur skeletons (D:6)
  Jessica (D:2)
  3 iguanas
  6 orc wizards
  2 worker ants
  A hound skeleton (D:5)
  2 worker ant zombies (D:6)
  10 adders
  A howler monkey skeleton (D:7)
  2 ufetubi
  3 adder skeletons
  4 worms
  A dart slug (D:2)
  8 leopard geckos
  29 orcs
  A ball python (D:3)
  10 giant cockroaches
  5 goblins
  8 hobgoblins
  12 jackals
  12 kobolds
  4 quokkas
  A ball python skeleton (D:5)
  9 bats
  3 frilled lizards (D:2)
  A giant cockroach zombie (D:5)
  A jackal skeleton (D:5)
  A leopard gecko skeleton (D:5)
  2 quokka skeletons
  9 rats
  A spectral orc (D:5)
196 creatures vanquished.

Vanquished Creatures (others)
  A wizard (D:5)
1 creature vanquished.

Grand Total: 197 creatures vanquished

Notes
Turn   | Place    | Note
-------+----------+-------------------------------------------
     0 | D:1      | kae the Tengu Transmuter began the quest for the Orb.
     0 | D:1      | Reached XP level 1. HP: 12/12 MP: 4/4
   608 | D:1      | Reached XP level 2. HP: 15/16 MP: 4/6
  1667 | D:2      | Noticed Jessica
  1721 | D:2      | Killed Jessica
  1721 | D:2      | Reached XP level 3. HP: 20/20 MP: 5/7
  1726 | D:2      | Learned a level 3 spell: Spider Form
  1779 | D:2      | Reached skill level 4 in Unarmed Combat
  1779 | D:2      | Reached XP level 4. HP: 21/25 MP: 6/8
  2507 | D:2      | Found a shimmering blue altar of Sif Muna.
  2671 | D:2      | Found a glowing silver altar of Zin.
  3149 | D:3      | Noticed Purgy
  3163 | D:3      | Killed Purgy
  3163 | D:3      | Gained mutation: You can fly continuously. [Tengu growth]
  3163 | D:3      | Reached XP level 5. HP: 23/30 MP: 8/10
  3380 | D:3      | Found a white marble altar of Elyvilon.
  3461 | D:3      | Reached XP level 6. HP: 34/35 MP: 9/11
  3468 | D:3      | Learned a level 5 spell: Blade Hands
  4120 | D:4      | Found a staircase to the Ecumenical Temple.
  4143 | Temple   | Entered the Ecumenical Temple
  4685 | D:5      | Entered Level 5 of the Dungeon
  4713 | D:5      | Reached skill level 5 in Unarmed Combat
  4829 | D:5      | Noticed an ice beast
  4841 | D:5      | Killed an ice beast
  4841 | D:5      | Reached XP level 7. HP: 25/40 MP: 5/12
  5022 | D:5      | Found a bloodstained altar of Trog.
  5024 | D:5      | Noticed a wizard
  5030 | D:5      | Killed a wizard
  5549 | D:5      | Found a transporter.
  5565 | D:5      | Found a transporter.
  5566 | D:5      | Found a one-way gate to the infinite horrors of the Abyss.
  5566 | D:5      | Noticed MoonlitKnight's ghost (amateur MfGl)
  5732 | D:5      | Reached skill level 6 in Unarmed Combat
  5732 | D:5      | Reached XP level 8. HP: 28/46 MP: 11/14
  5947 | D:5      | Found a basalt altar of Yredelemnul.
  6312 | D:5      | Noticed an ancient zyme
  7360 | D:6      | Noticed a white ugly thing
  7379 | D:6      | Reached skill level 7 in Unarmed Combat
  7447 | D:7      | Reached skill level 5 in Dodging
  7559 | D:7      | Noticed Harold
  7578 | D:7      | Killed Harold
  7578 | D:7      | Reached skill level 5 in Transmutations
  7578 | D:7      | Reached XP level 9. HP: 52/52 MP: 8/16
  7578 | D:7      | Noticed a cyclops
  7586 | D:7      | Killed a cyclops
  7586 | D:7      | Reached skill level 8 in Unarmed Combat
  7623 | D:7      | Found a broken altar of Ashenzari.
  7983 | D:7      | Noticed Menkaure
  7989 | D:7      | Killed Menkaure
  7989 | D:7      | Reached skill level 5 in Fighting
  8271 | D:7      | Reached skill level 5 in Spellcasting
  8479 | D:7      | Found an opulent altar of Gozag.
  8482 | D:7      | Noticed Joseph
  8486 | D:7      | Reached XP level 10. HP: 59/59 MP: 14/18
  8501 | D:7      | Killed Joseph
  8603 | D:7      | Reached skill level 9 in Unarmed Combat
  8668 | D:7      | Identified the Compendium of Ashen Companions
  9080 | D:7      | Found a blossoming altar of Fedhas.
  9157 | D:8      | Noticed Prince Ribbit
  9195 | D:8      | Killed Prince Ribbit
  9259 | D:8      | Found a sacrificial altar of Ru.
  9350 | D:8      | Reached skill level 1 in Armour
  9617 | D:8      | Killed from afar by an electric eel

Illustrated notes

Levels and vault maps discovered:
D:1:      saegor_arrival_miasma, layout_basic
D:2:      layout_basic, nicolae_overflow_hidden_temple, zin_scriptorium,
          minmay_strange_pillars, uniq_jessica
D:3:      layout_loops_ring, lemuel_crystal_altar, kennysheep_minor_cross,
          uniq_purgy
D:4:      layout_cave_pools, temple_pool_b
D:5:      minmay_inner_zag, layout_gridville,
          yredelemnul_forgotten_temple_becter, gammafunk_ghost_abyssal_escape,
          dk_noncrumbling_2, trog_wizard
D:6:      minmay_chambers_of_sixes, layout_loops_ring
D:7:      hangedman_cross_stitches, layout_loops_cross, fedhas_altar_fruit_tree,
          lemuel_coloured_pillars_altar, lemuel_doored_altar, st_stairs_12,
          uniq_menkaure, uniq_joseph, uniq_harold
D:8:      layout_loops_cross, overflow_temple_1_default,
          nicolae_ru_sacrificial_ziggurat, grunt_ministairs_6,
          water_boxes_lemuel, uniq_prince_ribbit1
Temple:   jpeg_temple_island

Skill      XL: |  1  2  3  4  5  6  7  8  9 10 |
---------------+-------------------------------+-----
Transmutations | 2 3 4 5 6 |  6.7
Unarmed Combat | 4 5 6 7 8 9 |  9.2
Dodging        | 3 4 5 6 |  6.4
Fighting       | 2 3 4 5 |  5.6
Spellcasting   | 3 4 5 |  5.4
Armour         | 1 |  1.0

Action                   |  1- 3 |  4- 6 |  7- 9 | 10-12 || total
-------------------------+-------+-------+-------+-------++-------
Melee: Unarmed           |    49 |   153 |   288 |   109 ||   599
       Kick              |    11 |    38 |    50 |    12 ||   111
       Peck              |     4 |    19 |    25 |    10 ||    58
       Headbutt          |     6 |    20 |    22 |     3 ||    51
       Punch             |     2 |     1 |     2 |       ||     5
 Cast: Beastly Appendage |    17 |    34 |    34 |     3 ||    88
       Spider Form       |       |     3 |    15 |     6 ||    24
 Abil: Fly               |       |     1 |       |       ||     1
Evoke: Wand              |       |       |       |     1 ||     1
  Use: Scroll            |       |    13 |     4 |     2 ||    19
       Potion            |       |     2 |     1 |       ||     3
 Stab: Sleeping          |     1 |     2 |     2 |       ||     5
Armor: Robe              |     4 |    28 |    51 |       ||    83
       Skin              |       |     1 |       |       ||     1
       Leather armour    |       |       |       |    13 ||    13
Dodge: Dodged            |    32 |    88 |   244 |    89 ||   453
Block: Other             |       |    25 |    59 |    27 ||   111
       Reflection        |       |     1 |     3 |     1 ||     5

Table legend: (Time is in decaauts)
 A = Elapsed time spent in this place.
 B = Non-inter-level travel time spent in this place.
 C = Inter-level travel time spent in this place.
 D = Time resting spent in this place.
 E = Time spent auto-exploring this place.
 F = Levels seen in this place.
 G = Mean time per level.
                   A        B        C        D        E       F      G
               +--------+--------+--------+--------+--------+-----+--------+
         Total |   9196 |   8862 |    334 |    215 |   7211 |   9 | 1021.8 |
       Dungeon |   9132 |   8830 |    302 |    215 |   7181 |   8 | 1141.5 |
        Temple |     64 |     32 |     32 |      0 |     29 |   1 |   64.0 |
               +--------+--------+--------+--------+--------+-----+--------+

Top non-repeatable levels by time:
     D:5: 1830 daAuts
     D:1: 1705 daAuts
     D:7: 1308 daAuts
     D:2: 1230 daAuts
     D:6: 1037 daAuts
     D:3: 961 daAuts
     D:4: 616 daAuts
     D:8: 443 daAuts
  Temple: 64 daAuts
